Map: Orbital Shipyard

Players

Greed

  • Race: Terran Terran
  • League: Diamond

Nowado - Winner!

  • Race: Protoss Protoss
  • League: Diamond

VOD

Have the link to the VOD?

Description

Time

  • Played on: Oct. 13, 2015, 1:45 p.m.
  • Length: 12:52
Show
View Real Time Build Order
Export as new Build Order

Greed Terran 

Build Orders: MMM Bio 

Get SALT Encoding   

  12  0:00  SCV  
  13  0:12  SCV  
  14  0:17  Supply Depot  
  14  0:25  SCV  
  15  0:39  SCV  
  16  0:43  Barracks  
  16  0:51  SCV  
  17  1:03  SCV  
  18  1:12  Command Center  
  18  1:15  SCV  
  19  1:29  Marine, Orbital Command  
  20  1:35  Supply Depot  
  20  1:44  Barracks  
  20  1:48  Marine  
  21  1:55  SCV  
  22  2:04  Barracks  
  22  2:06  Marine  
  23  2:13  SCV  
  24  2:16  Bunker  
  24  2:19  Engineering Bay  
  24  2:24  Marine  
  24  2:26  SCV  
  26  2:31  Orbital Command  
  26  2:37  Marine  
  26  2:42  SCV  
  28  2:44  Refinery  
  28  2:45  Refinery  
  28  2:54  SCV  
  28  2:57  Marine x2  
  31  2:59  Marine  
  31  3:00  SCV  
  33  3:08  SCV  
  33  3:12  SCV, Missile Turret  
  35  3:14  Missile Turret  
  35  3:16  Barracks Tech Lab  
  35  3:17  Marine x2  
  37  3:23  SCV  
  37  3:24  SCV  
  39  3:35  Stimpack, Marine x2  
  39  3:36  SCV  
  39  3:37  SCV  
  43  3:42  Supply Depot  
  43  3:43  Barracks Reactor  
  43  3:49  SCV x2  
  43  3:51  Supply Depot  
  43  3:53  Marine  
  46  4:03  Marine  
  46  4:04  SCV  
  46  4:05  SCV  
  48  4:12  Factory  
  48  4:18  SCV  
  48  4:19  SCV  
  48  4:20  Barracks  
  48  4:22  Barracks  
  48  4:23  Marauder, Marine x3  
  55  4:30  SCV  
  56  4:31  SCV  
  56  4:32  Refinery  
  56  4:33  Refinery  
  56  4:34  Terran Infantry Weapons Level 1  
  57  4:42  Supply Depot x2  
  57  4:46  Marine  
  57  4:47  Marauder  
  57  4:48  Marine  
  57  4:50  SCV  
  62  4:56  Starport  
  62  4:59  Factory Reactor  
  62  5:03  SCV  
  62  5:04  Supply Depot  
  63  5:09  Supply Depot  
  63  5:10  Barracks Reactor  
  63  5:11  Barracks Tech Lab  
  63  5:14  SCV, Barracks Tech Lab  
  63  5:17  SCV  
  63  5:20  Marine, Marauder  
  68  5:25  Marine  
  68  5:27  SCV  
  70  5:42  Marauder, Marine x2  
  74  5:43  Marauder, Marine  
  74  5:45  Combat Shields, Medivac x2  
  74  5:47  Concussive Shells  
  81  5:50  Marine  
  81  5:51  Marine  
  83  5:59  Marine  
  83  6:00  SCV  
  85  6:05  Armory, Engineering Bay  
  85  6:15  Medivac, Marauder x3  
  85  6:16  Marine  
  94  6:26  Marine x3  
  94  6:27  Factory Reactor  
  94  6:31  Command Center  
  99  6:36  Marine x2  
  103  6:53  Marine x3  
  102  6:55  Marine x3  
  102  6:58  Viking  
  102  7:01  Terran Vehicle Weapons Level 1  
  102  7:03  Starport  
  85  7:16  Viking  
  85  7:21  Marine x3  
  85  7:22  Marine x2  
  78  7:25  Marine x2  
  76  7:30  Viking  
  76  7:31  SCV x2  
  80  7:43  SCV x2  
  82  7:46  Viking  
  82  7:48  Viking, Missile Turret  
  82  7:49  Terran Infantry Weapons Level 2  
  82  7:50  Terran Infantry Armor Level 1  
  86  7:55  SCV  
  86  7:56  SCV  
  88  8:00  Orbital Command  
  88  8:01  Marine x2  
  90  8:07  Viking  
  90  8:09  Viking  
  94  8:13  Marine x2  
  94  8:14  Marine  
  94  8:17  SCV x2  
  94  8:18  Marine x2  
  101  8:23  Viking  
  101  8:25  Viking  
  101  8:26  SCV  
  106  8:34  Marine x4  
  106  8:36  Supply Depot  
  106  8:37  Marauder  
  106  8:38  Supply Depot  
  106  8:39  Viking  
  114  8:45  Marauder  
  114  8:47  Marauder  
  114  8:48  Medivac  
  120  8:51  SCV x3  
  120  8:53  Refinery  
  120  8:55  Supply Depot x2  
  123  9:01  Terran Ship Weapons Level 1  
  123  9:03  SCV x3  
  123  9:04  Viking x2  
  130  9:14  Marine x4, Marauder x3  
  140  9:19  Viking x2  
  144  9:25  Supply Depot  
  144  9:26  Supply Depot  
  144  9:27  SCV  
  144  9:28  SCV  
  144  9:29  Refinery  
  146  9:34  Marine x4  
  146  9:36  Viking  
  152  9:40  Viking  
  152  9:44  Marauder  
  152  9:45  Marauder  
  157  9:49  Viking  
  157  9:52  Marauder  
  152  10:04  Viking  
  152  10:06  Viking  
  133  10:09  Marine x4  
  133  10:11  Viking  
  139  10:16  Marine x2  
  139  10:17  Marine  
  139  10:19  Viking  
  142  10:26  Marine  
  142  10:27  Marine  
  144  10:36  Viking x2  
  144  10:40  Viking  
  150  10:45  Marauder, Marine  
  150  10:49  Viking  
  155  10:57  Marine x2  
  154  11:06  Viking  
  154  11:07  Marauder  
  158  11:16  Viking  
  146  11:28  Marauder  
  146  11:31  Marine x3  
  128  11:34  Marine x3  
  93  11:48  Marine  
  93  11:49  Marine x2  
  93  11:50  Marauder  
  93  11:52  Marine x3  
  98  11:56  Medivac x3  
  98  11:58  Medivac  
  103  12:06  Marine x3  
  106  12:09  Marine  
  106  12:10  Marine x2  
  106  12:11  Marauder  
  111  12:24  Marine  
  111  12:28  Marine  
  116  12:32  Marine  
Show
View Real Time Build Order
Export as new Build Order

Nowado Protoss - Winner!

Build Orders: 1 Gate Expand, Oracle Opening 

Get SALT Encoding   

  12  0:01  Probe (Chrono Boost)  
  13  0:12  Probe (Chrono Boost)  
  14  0:18  Pylon  
  14  0:23  Probe (Chrono Boost)  
  15  0:37  Probe (Chrono Boost), Gateway  
  16  0:47  Probe (Chrono Boost), Assimilator  
  17  0:58  Probe (Chrono Boost)  
  18  1:08  Probe (Chrono Boost)  
  19  1:16  Nexus  
  19  1:19  Probe (Chrono Boost)  
  19  1:24  Pylon  
  20  1:33  Cybernetics Core  
  20  1:38  Zealot (Chrono Boost)  
  22  1:43  Assimilator  
  22  1:47  Assimilator  
  22  1:49  Probe  
  23  2:01  Zealot (Chrono Boost)  
  26  2:15  Probe (Chrono Boost)  
  28  2:30  Mothership Core (Chrono Boost)  
  28  2:31  Probe (Chrono Boost)  
  29  2:37  Warp Gate  
  29  2:42  Probe (Chrono Boost)  
  30  2:46  Assimilator  
  30  2:48  Probe (Chrono Boost)  
  30  2:51  Assimilator  
  31  2:52  Probe (Chrono Boost)  
  33  2:58  Probe (Chrono Boost)  
  33  3:03  Probe (Chrono Boost)  
  34  3:09  Probe (Chrono Boost), Stargate  
  35  3:13  Probe (Chrono Boost)  
  35  3:19  Probe (Chrono Boost)  
  37  3:21  Forge  
  37  3:24  Probe (Chrono Boost)  
  38  3:30  Probe (Chrono Boost)  
  39  3:34  Probe (Chrono Boost)  
  39  3:37  Pylon  
  39  3:40  Probe (Chrono Boost)  
  41  3:45  Probe (Chrono Boost)  
  42  3:51  Probe (Chrono Boost)  
  42  3:53  Fleet Beacon  
  42  3:55  Oracle (Chrono Boost)  
  46  3:58  Probe  
  47  4:05  Probe  
  48  4:10  Probe  
  48  4:16  Pylon  
  49  4:17  Probe  
  49  4:18  Protoss Air Weapons Level 1  
  49  4:22  Probe  
  51  4:27  Oracle (Chrono Boost)  
  54  4:34  Probe  
  55  4:39  Probe, Stargate  
  55  4:42  Photon Cannon  
  56  4:46  Probe, Photon Cannon  
  57  5:07  Probe, Pylon, Carrier (Chrono Boost)  
  57  5:08  Probe  
  57  5:11  Graviton Catapult, Pylon  
  59  5:19  Carrier (Chrono Boost)  
  71  5:42  Probe  
  72  5:43  Probe  
  72  5:47  Nexus  
  73  5:50  Pylon  
  73  5:52  Pylon  
  73  5:53  Adept  
  75  5:57  Pylon  
  75  5:59  Pylon  
  75  6:04  Carrier (Chrono Boost)  
  75  6:20  Adept  
  75  6:25  Carrier (Chrono Boost)  
  83  6:28  Protoss Air Armor Level 1  
  83  6:32  Cybernetics Core  
  83  6:34  Pylon  
  89  6:54  Zealot  
  91  7:03  Carrier (Chrono Boost)  
  81  7:16  Adept  
  81  7:22  Probe  
  89  7:23  Probe x2  
  89  7:28  Assimilator  
  92  7:32  Assimilator  
  92  7:34  Probe, Protoss Air Weapons Level 2  
  92  7:35  Probe  
  92  7:36  Probe  
  95  7:37  Pylon  
  95  7:40  Pylon  
  95  7:42  Pylon, Carrier (Chrono Boost)  
  95  7:47  Probe  
  96  7:52  Probe  
  96  7:53  Probe  
  98  7:59  Probe  
  98  8:02  Nexus, Carrier (Chrono Boost)  
  98  8:03  Pylon  
  105  8:06  Adept  
  113  8:20  Probe  
  113  8:22  Probe x2  
  116  8:28  Pylon  
  116  8:29  Protoss Air Armor Level 2  
  116  8:41  Probe, Zealot  
  118  8:42  Probe x2, Carrier (Chrono Boost)  
  121  8:53  Pylon  
  121  8:59  Assimilator  
  127  9:03  Assimilator  
  127  9:05  Carrier (Chrono Boost)  
  127  9:06  Pylon  
  127  9:16  Stargate  
  133  9:28  Robotics Facility  
  133  9:33  Adept  
  133  9:38  Carrier (Chrono Boost)  
  135  9:59  Carrier (Chrono Boost)  
  123  10:11  Carrier (Chrono Boost)  
  117  10:19  Probe x2  
  117  10:20  Probe x2  
  127  10:29  Probe  
  127  10:32  Probe x2  
  127  10:35  Protoss Shields Level 1  
  136  10:38  Zealot  
  136  10:42  Gateway  
  138  10:43  Gateway  
  138  10:46  Gateway x2  
  138  10:50  Photon Cannon  
  138  10:52  Photon Cannon  
  138  10:53  Observer  
  139  11:04  Photon Cannon  
  139  11:06  Photon Cannon  
  139  11:07  Zealot  
  139  11:09  Pylon  
  141  11:14  Observer  
  142  11:24  Carrier x3 (Chrono Boost)  
  138  11:36  Zealot  
  155  12:22  Zealot x3  
Tags
 
Add a new tag
Caveats
  • Supply blocks, unpowered buildings, or Contaminate may cause inaccurate times.
  • Supply counts are checked every 10 seconds.